AoeStats
← JAGGY

MegaRandom

506117724Analyzed
2v2 RM · 19d ago on Sep 12, 2026· 30m 43s· 4 players
Game mode
Random Map
Map size
Medium (4 player)
Population
200
Speed
Normal
Resources
Standard
Victory
Conquest
Starting age
Dark Age
Ending age
Imperial Age
RankedLock teamsTeams togetherTeam positionsShared explorationLock speedFull tech treeHidden civsTurbo modeCheats
Victory
Defeat
🇺🇸 Turks · United States
992
+14
🇩🇪 Lithuanians · Germany
962
+15
🇹🇷 Britons · Türkiye
974
-15
🇹🇼 Malians · Taiwan
922
-14
JAGGY
12:53 Feudal Age
14:04 Double-Bit Axe
15:20 Horse Collar
16:55 Gold Mining
16:58 Stone Mining
18:14 Fletching
25:10 Castle Age
25:42 Pikeman
26:22 Squires
28:06 Bodkin Arrow
28:22 Forging
28:13 Scale Mail Armor
27:50 Elite Skirmisher
29:31 Padded Archer Armor
30:43 Gold Shaft Mining
qvbcheng
13:47 Feudal Age
18:55 Castle Age
17:12 Double-Bit Axe
Ciconico
4:26 Loom
11:31 Feudal Age
12:32 Double-Bit Axe
14:14 Horse Collar
20:34 Castle Age
21:09 Gold Mining
21:26 Heavy Plow
21:39 Bow Saw
22:05 Crossbowman
25:02 Thumb Ring
24:58 Fletching
25:08 Padded Archer Armor
26:04 Gold Shaft Mining
26:42 Ballistics
Fabio-M91
10:51 Feudal Age
14:06 Horse Collar
14:23 Double-Bit Axe
15:53 Loom
18:13 Castle Age
16:01 Loom
17:25 Fishing Lines
18:38 Forging
18:34 Scale Barding Armor
21:28 Bow Saw
23:33 Heavy Plow
24:13 Iron Casting
23:58 Chain Barding Armor
24:18 Wheelbarrow
23:29 Town Watch
24:48 Bloodlines
24:39 Husbandry
24:55 Treadmill Crane
26:21 Gold Mining
Connection lost

Rejoining the realm…

Still unreachable

The connection could not be restored.

Session expired

The server has moved on; the page needs a fresh start.